 Dungeon Crawl Stone Soup version 0.28.0-49-g6dfe1f597d (console) character file.

Game seed: 16596886933792579475

121 Faeu the Skirmisher (level 4, -1/61 HPs)
             Began as a Minotaur Berserker on May 16, 2022.
             Was a Believer of Trog.
             Succumbed to Crazy Yiuf's poison
             ... on level 2 of the Dungeon.
             The game lasted 00:01:30 (2345 turns).

Faeu the Skirmisher (Minotaur Berserker)            Turns: 2345, Time: 00:01:32

Health: -1/61      AC:  3    Str: 24    XL:     4   Next: 77%
Magic:  3/3        EV: 17    Int:  4    God:    Trog [**....]
Gold:   74         SH:  0    Dex:  9    Spells: 3/3 levels left

rFire   + . .      SeeInvis .   a - +0 hand axe {axe}
rCold   . . .      Faith    .   (no shield)
rNeg    . . .      Spirit   .   b - +0 animal skin
rPois   .          Reflect  .   (helmet restricted)
rElec   .          Harm     .   (no cloak)
rCorr   .          Rampage  .   (no gloves)
Will    .....                   c - +0 pair of boots
Stlth   ..........              (no amulet)
HPRegen 0.20/turn               h - ring of protection from fire
MPRegen 0.08/turn               (no ring)

@: agile, berserking, lethally poisoned (-1 -> -12), very quick
A: horns 2, retaliatory headbutt
a: Renounce Religion, Berserk, Trog's Hand


You were on level 2 of the Dungeon.
You worshipped Trog.
Trog was pleased with you.
You visited 1 branch of the dungeon, and saw 2 of its levels.

You collected 74 gold pieces.


Innate Abilities, Weirdness & Mutations

You have a pair of horns on your head.
You reflexively headbutt those who attack you in melee.


   Skills:
 + Level 4.6 Fighting
 + Level 4.5 Axes
 + Level 3.6 Armour
 + Level 3.3 Dodging


You had 3 spell levels left.
You didn't know any spells.
Your spell library contained the following spells:

 Spells                   Type           Power      Damage    Failure   Level
 Ensorcelled Hibernation  Hex/Ice        0%         N/A       65%         2
 Passwall                 Tmut/Erth      0%         N/A       65%         2
 Swiftness                Air            0%         N/A       86%         3
 Hailstorm                Conj/Ice       0%         3d3       99%         4
 Ice Form                 Ice/Tmut       0%         N/A       99%         4
 Simulacrum               Ice/Necr       0%         N/A       100%        6

Inventory:

Hand Weapons
 a - a +0 hand axe (weapon) {axe}
 p - a +0 dagger of draining {short}
   (You took it off a kobold on level 2 of the Dungeon)
Armour
 b - a +0 animal skin (worn)
 c - a +0 pair of boots (worn)
   (You found it on level 1 of the Dungeon)
 k - a +0 cloak
   (You found it on level 2 of the Dungeon)
 n - a +3 ring mail
   (You found it on level 2 of the Dungeon)
Jewellery
 h - a ring of protection from fire (left hand)
   (You found it on level 1 of the Dungeon)
Scrolls
 f - 6 scrolls of identify {unknown}
 i - a scroll of enchant armour {unknown}
 j - 2 scrolls of teleportation {unknown}
 m - a scroll of vulnerability {unknown}
Potions
 d - a potion of flight {unknown}
 e - a potion of lignification {unknown}
 g - a potion of curing {unknown}
 l - a potion of magic {unknown}
 o - a potion of degeneration {unknown}

Dungeon Overview and Level Annotations

Branches:
Dungeon (2/15)

Altars:

##..#.....(# #. #..####.#.# #.
#########..# #.#.# #.
...........# #.#.# #.
.#######...# #.#.# #. .#
#...##### ##### #. .# #.#.##
#########. .###.#..#######
#......... ...#.#..+..)#)### ###
########## .#.#........)#))##)))#
#........ .#..........####@))).#
#.######. (#.#....+..## ###)))#
#.#...<#. .#......#### ###
#.#.####. .###.##.# #.#.####. .#
#.##.# #.#......
#######.#################.#######
.........(..............#.>......
#######.##.###..#################
#.##.# ##>)................
#.##.# ################### #.##.#


There were no monsters in sight!


Message History

An adder is nearby!
You barely miss the adder. The adder barely misses you.
An adder is nearby!
You miss the adder. The adder bites you but does no damage.
The adder bites you. 😕 HP[-1]
You take 1 damage, and now have 38/41 hp.
An adder is nearby!
You closely miss the adder. You headbutt the adder.
The adder completely misses you.
An adder is nearby!
You closely miss the adder. Your headbutt misses the adder.
The adder closely misses you. The adder bites you but does no damage.
An adder is nearby!
You barely miss the adder. The adder barely misses you.
You hit the adder. The adder bites you. x2 😕 HP[-3]
You take 3 damage, and now have 35/41 hp.
You miss the adder. Your headbutt misses the adder. The adder bites you.
You hit the adder. You headbutt the adder.
You kill the adder!
Trog accepts your kill.
You see here an adder corpse.
A bat comes into view. 😎 HP[+6]
You closely miss the bat. Your headbutt misses the bat. The bat hits you.
The bat misses you. 😕 HP[-1]
You take 1 damage, and now have 40/41 hp.
You miss the bat. The bat barely misses you. The bat hits you.
You hit the bat. Your headbutt misses the bat. The bat hits you.
The bat hits you but does no damage. The bat closely misses you.
You furiously retaliate!
You headbutt the bat, but do no damage. 😕 HP[-1]
You take 1 damage, and now have 39/41 hp.
You slash the bat!
You kill the bat!
Trog accepts your kill. 😕 HP[+1]
There is an open door here.
You see here an adder corpse.
You see here 2 stones {throwing}.
You see here 22 sling bullets.
Key pressed, stopping explore.
No target in view!
You see here a +0 mace {mace}.
You see here a +0 mace {mace}.
Crazy Yiuf shouts!
You see here a +0 mace {mace}.
You see here a +0 mace {mace}.
Crazy Yiuf screams, "Candle toodlewoodle agre!"
You see here a +0 mace {mace}.
You see here a +0 mace {mace}.
You see here a +0 mace {mace}.
You see here a +0 mace {mace}.
You see here a +0 mace {mace}.
You see here 8 bolts.
You see here 8 bolts.
You see here a +0 mace {mace}.
Crazy Yiuf shouts!
You see here a +0 mace {mace}.
Crazy Yiuf sings, "Trees, trees, trees, circus!"
You see here a +0 mace {mace}.
You see here a +0 mace {mace}.
You see here a +0 mace {mace}.
No reachable target in view! 😎 HP[+1]
You open the door. You closely miss Crazy Yiuf. You headbutt Crazy Yiuf!
You closely miss Crazy Yiuf. You headbutt Crazy Yiuf!
Crazy Yiuf hits you with a +4 quarterstaff of chaos!
Crazy Yiuf freezes you.
Crazy Yiuf sings, "Trees, trees, trees, circus!"
Crazy Yiuf hits you with a +4 quarterstaff of chaos!
* * * LOW HITPOINT WARNING * * *
You feel agile all of a sudden. 😨 HP[-29]
You take 29 damage, and now have 12/41 hp.
MASSIVE DAMAGE!! (PAUSE)
A red film seems to cover your vision as you go berserk!
You feel yourself moving faster!
You feel mighty!
Crazy Yiuf hits you with a +4 quarterstaff of chaos!
* * * LOW HITPOINT WARNING * * *
You are lethally poisoned! 😱 HP[-8]
You now have 61 max hp (+20).
You slash Crazy Yiuf!
You kill Crazy Yiuf!
Trog accepts your kill.
* * * LOW HITPOINT WARNING * * *
You feel very sick. 😱 HP[-3]
You take 3 damage, and now have 1/61 hp.
You are too berserk!
Calm down first, please.
You are too injured to fight recklessly!
Calm down first, please.
You are too injured to fight recklessly!
Unknown command.
You die...

Skill      XL: |  1  2  3 |
---------------+----------+-----
Fighting       | 4 |  4.6
Axes           | 4 |  4.5
Armour         | 3 |  3.6
Dodging        | 3 |  3.3

Action                   |  1- 3 |  4- 6 || total
-------------------------+-------+-------++-------
Melee: Hand axe          |    86 |    25 ||   111
       Headbutt          |    11 |     5 ||    16
Invok: Berserk           |       |     1 ||     1
Armor: Animal skin       |    15 |     5 ||    20
Dodge: Dodged            |    52 |    12 ||    64

Levels and vault maps discovered:
D:1:      scummos_arrival_simple_fountains, layout_rooms,
          ebering_ecumenical_altar_webs, minivault_26, minmay_tiny_reverse_x
D:2:      layout_basic, uniq_crazy_yiuf_cottage

Notes
Turn   | Place    | Note
-------+----------+-------------------------------------------
     0 | D:1      | Faeu the Minotaur Berserker began the quest for the Orb.
     0 | D:1      | Reached XP level 1. HP: 19/19 MP: 0/0
     0 | D:1      | magus.rc [v1.9.6]
   281 | D:1      | Reached XP level 2. HP: 23/27 MP: 1/1
   678 | D:1      | Reached skill level 4 in Fighting
   691 | D:1      | Reached skill level 4 in Axes
   909 | D:1      | Reached skill level 3 in Armour
   985 | D:1      | Reached XP level 3. HP: 22/33 MP: 2/2
  1317 | D:2      | You pick up a book of the Tundra {forbidden} and begin
                  | reading...
  1317 | D:2      | You add the spells Hailstorm, Ice Form and Simulacrum to
                  | your library.
  1338 | D:2      | Reached ** piety under Trog
  1408 | D:2      | You pick up a book of Burglary {forbidden} and begin
                  | reading...
  1408 | D:2      | You add the spells Passwall, Ensorcelled Hibernation and
                  | Swiftness to your library.
  1787 | D:2      | Reached skill level 3 in Dodging
  1787 | D:2      | Reached XP level 4. HP: 41/41 MP: 3/3
  2234 | D:2      | Found a runed translucent door.
  2235 | D:2      | Noticed Crazy Yiuf
  2343 | D:2      | HP: 4/61 [Crazy Yiuf/+4 quarterstaff of chaos (15)]
  2344 | D:2      | Killed Crazy Yiuf
  2344 | D:2      | HP: 1/61 [poisoned by Crazy Yiuf]
  2345 | D:2      | Succumbed to Crazy Yiuf's poison

Vanquished Creatures
  Crazy Yiuf (D:2)
  5 adders (D:2)
  An endoplasm (D:1)
  10 goblins
  5 hobgoblins (D:1)
  3 jackals (D:1)
  6 kobolds
  6 ball pythons
  3 bats
  3 frilled lizards
  4 rats
47 creatures vanquished.

Table legend:
 A = Non-vault XP
 B = Vault XP
 C = Vault XP percentage of total XP
 D = Non-vault monster count
 E = Vault monster count
 F = Vault count percentage of total count
                 A         B        C        D         E       F
            +---------+---------+-------+---------+---------+-------
      Total |     127 |      47 |  27.0 |      44 |       3 |   6.4
            +---------+---------+-------+---------+---------+-------
        D:1 |      39 |       3 |   7.1 |      23 |       2 |   8.0
        D:2 |      88 |      44 |  33.3 |      21 |       1 |   4.5
            +---------+---------+-------+---------+---------+-------

Illustrated notes

Table legend:
 A = Kills in this place as a percentage of kills in entire the game.
 B = Kills by you in this place as a percentage of kills by you in the entire game.
 C = Kills by friends in this place as a percentage of kills by friends in the entire game.
 D = Other kills in this place as a percentage of other kills in the entire game.
 E = Experience gained in this place as a percentage of experience gained in the entire game.
 F = Experience gained in this place divided by the number of levels of this place that you have seen.
                   A       B       C       D       E      F
               +-------+-------+-------+-------+-------+----------------------
         Total | 100.0 | 100.0 |   N/A |   N/A | 100.0 |  87.0
       Dungeon | 100.0 | 100.0 |   N/A |   N/A | 100.0 |  87.0
               +-------+-------+-------+-------+-------+----------------------

Table legend: (Time is in decaauts)
 A = Elapsed time spent in this place.
 B = Non-inter-level travel time spent in this place.
 C = Inter-level travel time spent in this place.
 D = Time resting spent in this place.
 E = Time spent auto-exploring this place.
 F = Levels seen in this place.
 G = Mean time per level.
                   A        B        C        D        E       F      G
               +--------+--------+--------+--------+--------+-----+--------+
         Total |   2354 |   2336 |     18 |      0 |   2062 |   2 | 1177.0 |
       Dungeon |   2354 |   2336 |     18 |      0 |   2062 |   2 | 1177.0 |
               +--------+--------+--------+--------+--------+-----+--------+

Top non-repeatable levels by time:
     D:1: 1191 daAuts
     D:2: 1162 daAuts
